Map: Ulrena

Players

Worming

  • Race: Zerg Zerg
  • League: Diamond

LordJim - Winner!

  • Race: Zerg Zerg
  • League: Platinum

VOD

Have the link to the VOD?

Description

Time

  • Played on: Nov. 14, 2015, 4:38 a.m.
  • Length: 9:35
Show
View Real Time Build Order
Export as new Build Order

Worming Zerg 

Build Orders: Pool First 

Get SALT Encoding   

  12  0:01  Drone  
  13  0:16  Drone  
  13  0:20  Extractor  
  13  0:22  Drone  
  14  0:33  Spawning Pool  
  13  0:36  Drone  
  14  0:47  Overlord  
  14  0:54  Extractor  
  14  0:55  Drone  
  15  1:20  Zergling x6  
  15  1:23  Queen  
  20  1:33  Metabolic Boost  
  20  1:38  Drone  
  21  1:51  Overlord  
  21  1:55  Zergling x2  
  21  1:59  Baneling Nest  
  21  2:12  Zergling x2  
  20  2:31  Zergling x4  
  20  2:33  Drone x3  
  25  2:43  Evolution Chamber  
  24  2:45  Zergling x2  
  24  2:47  Baneling x2  
  24  3:16  Hatchery  
  24  3:18  Zerg Ground Armor Level 1  
  23  3:24  Drone  
  20  3:49  Zergling x6  
  20  3:50  Zergling x4  
  20  3:55  Queen  
  26  4:09  Baneling x2  
  21  4:42  Zergling x2  
  21  4:43  Zergling x12  
  28  4:48  Spine Crawler  
  23  5:18  Zergling x22  
  32  5:28  Zerg Melee Weapons Level 1  
  31  5:46  Drone x4  
  34  6:03  Drone x5  
  36  6:10  Baneling x2  
  35  6:11  Baneling  
  35  6:12  Baneling  
  35  6:13  Baneling  
  35  6:14  Baneling  
  35  6:15  Baneling  
  35  6:20  Overlord  
  32  6:47  Lair  
  32  6:48  Extractor  
  32  6:49  Zergling x2  
  32  6:50  Zergling x14  
  39  6:57  Drone x3  
  42  7:03  Overlord  
  42  7:08  Overlord  
  25  7:32  Queen  
  25  7:34  Zergling x8  
  31  7:47  Spine Crawler  
  30  7:56  Spire  
  29  8:03  Zergling x2  
  30  8:07  Drone  
  25  8:39  Zergling x16  
  18  9:10  Zergling x4  
Show
View Real Time Build Order
Export as new Build Order

LordJim Zerg - Winner!

Build Orders: Pool First 

Get SALT Encoding   

  12  0:01  Drone  
  13  0:09  Drone  
  14  0:17  Overlord  
  14  0:25  Drone, Extractor  
  15  0:36  Drone x2  
  17  0:48  Spawning Pool  
  16  0:51  Drone, Extractor  
  16  0:56  Drone  
  17  1:05  Drone  
  18  1:22  Hatchery  
  17  1:26  Drone  
  18  1:36  Queen  
  20  1:44  Spine Crawler  
  19  1:48  Zergling x2  
  20  1:54  Metabolic Boost  
  20  1:59  Zergling x2  
  21  2:03  Zergling x2  
  21  2:08  Overlord  
  23  2:33  Hatchery  
  23  2:34  Drone x2  
  23  2:35  Drone  
  25  2:45  Drone  
  26  2:53  Overlord  
  25  3:01  Zergling x4  
  25  3:05  Zergling x2  
  26  3:14  Baneling Nest  
  26  3:16  Zergling x2  
  26  3:27  Zergling x2  
  23  3:43  Zergling x6  
  23  3:50  Zergling x2  
  24  3:58  Hatchery  
  24  3:59  Baneling x2  
  23  4:03  Zergling x2  
  23  4:04  Queen  
  26  4:11  Zergling x2  
  27  4:21  Baneling  
  27  4:22  Zergling x2  
  28  4:35  Zergling x2  
  22  4:41  Zergling x2  
  23  4:49  Zergling x2  
  24  5:00  Zergling x2  
  24  5:03  Queen  
  27  5:13  Queen, Zergling x2  
  30  5:15  Zergling x8  
  34  5:34  Zergling x2  
  33  5:36  Zergling x4  
  32  5:43  Baneling x2  
  32  5:47  Overlord  
  26  5:59  Zergling x2  
  26  6:02  Zergling x8  
  30  6:05  Zergling x2  
  30  6:11  Zergling x2  
  31  6:15  Zergling x6  
  34  6:19  Baneling x2  
  34  6:28  Zergling x8  
  34  6:32  Zergling x2  
  38  6:33  Zergling x2  
  38  6:42  Zergling x2  
  38  6:46  Baneling x6  
  38  6:47  Baneling x4  
  39  6:48  Zergling x2  
  39  6:52  Zergling x2  
  42  7:01  Zergling x4  
  42  7:07  Zergling x4  
  45  7:08  Zergling x2  
  27  7:30  Zergling x2  
  27  7:31  Zergling x6  
  27  7:33  Baneling x2  
  31  7:37  Zergling x2  
  31  7:39  Zergling x6  
  35  7:54  Zergling x2  
  35  7:55  Zergling x4  
  35  7:56  Zergling x2  
  39  8:01  Zergling x2  
  39  8:02  Zergling x4  
  41  8:26  Zergling x6  
  41  8:27  Zergling x8  
  40  8:35  Zergling x4  
  38  8:48  Zergling x8  
  42  8:54  Overlord  
  39  9:03  Zergling x4  
  39  9:08  Zergling x2  
  39  9:17  Zergling x6  
Tags
 
Add a new tag
Caveats
  • Supply blocks, unpowered buildings, or Contaminate may cause inaccurate times.
  • Supply counts are checked every 10 seconds.